 Dungeon Sprint DCSS version 0.26-a0-658-gbdda728c12 (webtiles) character file.

Game seed: 11341611817341113915

10 sahdkjhfkaj the Scholar of Death (level 2, 0/22 HPs)
             Began as a Naga Necromancer on Oct 4, 2020.
             Was a Follower of Kikubaaqudgha.
             Slain by a gnoll
             ... wielding a +0 spear
              (7 damage)
             ... in the Dungeon (Sprint VII: "The Pits").
             The game lasted 00:01:11 (398 turns).

sahdkjhfkaj the Scholar of Death (Naga Necromancer)  Turns: 398, Time: 00:01:11

Health: 0/22       AC:  1    Str: 10    XL:     2   Next: 20%
Magic:  4/6        EV: 10    Int: 15    God:    Kikubaaqudgha [*.....]
Gold:   0          SH:  0    Dex: 11    Spells: 5/7 levels left

rFire    . . .     SeeInvis +   b - +2 falchion
rCold    . . .     Faith    .   (no shield)
rNeg     . . .     Spirit   .   a - +0 robe
rPois    +         Reflect  .   (no helmet)
rElec    .         Harm     .   (no cloak)
rCorr    .         Rampage  .   (no gloves)
MR       .....     NoTele   +   (no barding)
Stlth    ++........             (no amulet)
HPRegen  0.07/turn              (no ring)
MPRegen  0.10/turn              (no ring)

@: short of breath, very slow
A: large, see invisible, deformed body, poison resistance, slowness 2, spit
poison 1, AC +0
a: Spit Poison, Receive Corpses, Renounce Religion


You were in the Dungeon.
You worshipped Kikubaaqudgha.
Kikubaaqudgha was aware of your devotion.
You visited 1 branch

Inventory:

Hand Weapons
 b - a +2 falchion (weapon)
Armour
 a - a +0 robe (worn)
Scrolls
 h - a scroll of blinking
 j - 3 scrolls of remove curse
 k - 5 scrolls of amnesia
 l - a scroll of summoning
 m - 2 scrolls of vulnerability
Potions
 d - a potion of heal wounds
 e - a potion of haste
 f - 4 potions of magic
 g - 3 potions of berserk rage
 i - 2 potions of invisibility


   Skills:
 + Level 0.0 Fighting
 - Level 1.5 Dodging
 - Level 3.0 Stealth
 + Level 3.4 Spellcasting
 * Level 5.0 Necromancy


You had 5 spell levels left.
You knew the following spells:

 Your Spells              Type           Power        Failure   Level
a - Pain                  Necr           ###.         2%          1
A - Animate Skeleton      Necr           ###...       2%          1

Your spell library contained the following spells:

 Spells                   Type           Power        Failure   Level
 Sublimation of Blood     Necr           ###.......   3%          2
 Vampiric Draining        Necr           ###.......   8%          3
 Corpse Rot               Necr/Air       N/A          11%         2
 Animate Dead             Necr           ###.......   24%         4
 Agony                    Necr           ###.....     56%         5


Dungeon Overview and Level Annotations

Branches:
Dungeon (1/1)

Altars:
Ashenzari
Cheibriados
Dithmenos
Elyvilon
Fedhas
Gozag
Hepliaklqana
Kikubaaqudgha
Makhleb
Nemelex Xobeh
Okawaru
Qazlal
Ru
Sif Muna
Trog
Uskayaw
Vehumet
Wu Jian
Xom
Yredelemnul
Zin
The Shining One
Beogh
Jiyva
Lugonu


Innate Abilities, Weirdness & Mutations

You cannot wear boots.
Your serpentine skin is tough. (AC +0)
You have supernaturally acute eyesight. (SInv)
Armour fits poorly on your strangely shaped body.
Your system is resistant to poisons. (rPois)
You cover ground very slowly.
You can spit poison.


Message History

Press: ? - help, Shift-Dir - straight line, f/p - gnoll
Aim: a gnoll, wielding a +0 spear (lightly wounded, chance to defeat MR: 82%)
The giant cockroach writhes in agony.
You kill the giant cockroach!
Kikubaaqudgha accepts your kill.
You can now receive cadavers from Kikubaaqudgha.
You see here Kikubaaqudgha's Papyrus of Black Magic.
Kikubaaqudgha grants you a gift!
Training target 5.0 for Necromancy reached!
Your Necromancy skill increases to level 5!
You pick up Kikubaaqudgha's Papyrus of Black Magic and begin reading...
You add the spells Corpse Rot and Sublimation of Blood to your library.
Unknown command.
Press: ? - help, Shift-Dir - straight line, f/p - gnoll
Aim: a gnoll, wielding a +0 spear (lightly wounded)
The splash of poison hits the gnoll.
The gnoll is poisoned.
The gnoll is heavily wounded.
The gnoll hits you from afar with a +0 spear!
You die...
Kikubaaqudgha rasps: "You have failed me!
Welcome... death!"

#_________.#
#_______...###########++
##########'##...........
#..(.')))'.##......#..#.
##########.##...........
#...........'...........
#+#####'#####......#..#.
#...'.##...........
#...#@#####'#####++
#####.##.......#
+...#g##.......#
+.g.).##.......#
########...<...#
#.......# #.......#
#.......# #########


You could see a gnoll (poisoned).

Vanquished Creatures
  An ufetubus (D)
  An orc (D)
  A bat (D)
  A giant cockroach (D)
4 creatures vanquished.

Notes
Turn   | Place    | Note
-------+----------+-------------------------------------------
     0 | D        | sahdkjhfkaj the Naga Necromancer began the quest for the
                  | Orb.
     0 | D        | Reached XP level 1. HP: 15/15 MP: 3/3
     2 | D        | Learned a level 1 spell: Animate Skeleton
    61 | D        | Found a bloodstained altar of Trog.
    61 | D        | Found a shimmering blue altar of Sif Muna.
    61 | D        | Found a viscous altar of Jiyva.
    61 | D        | Found a hazy altar of Hepliaklqana.
    61 | D        | Found an opulent altar of Gozag.
    62 | D        | Found a glowing golden altar of the Shining One.
    62 | D        | Found a glowing silver altar of Zin.
    62 | D        | Found a basalt altar of Yredelemnul.
    62 | D        | Found a shimmering altar of Xom.
    62 | D        | Found an ornate altar of the Wu Jian Council.
    62 | D        | Found a sacrificial altar of Ru.
    62 | D        | Found a stormy altar of Qazlal.
    62 | D        | Found an iron altar of Okawaru.
    62 | D        | Found a sparkling altar of Nemelex Xobeh.
    62 | D        | Found a burning altar of Makhleb.
    62 | D        | Found a blossoming altar of Fedhas.
    62 | D        | Found a white marble altar of Elyvilon.
    62 | D        | Found a shadowy altar of Dithmenos.
    62 | D        | Found a snail-covered altar of Cheibriados.
    65 | D        | Found a corrupted altar of Lugonu.
    65 | D        | Found a radiant altar of Vehumet.
    65 | D        | Found a roughly hewn altar of Beogh.
    66 | D        | Found an ancient bone altar of Kikubaaqudgha.
    66 | D        | Found a hide-covered altar of Uskayaw.
    66 | D        | Found a broken altar of Ashenzari.
    74 | D        | Became a worshipper of Kikubaaqudgha
   119 | D        | Reached XP level 2. HP: 7/22 MP: 4/6
   394 | D        | Reached * piety under Kikubaaqudgha
   394 | D        | Identified Kikubaaqudgha's Papyrus of Black Magic
                  | (Kikubaaqudgha gifted it to you in the Dungeon)
   394 | D        | Received a gift from Kikubaaqudgha
   394 | D        | Reached skill level 5 in Necromancy
   398 | D        | Slain by a gnoll

Illustrated notes

Levels and vault maps discovered:
D:        pitsprint [storerooms_1, entrance_room_1, metal_vault_3, armoury_1,
          mini_pit_1, grid_room_1, main_hall_1, silver_pit, the_coven_3,
          the_vestibule_1, steel_vault_5, golden_pit, hallway_of_sentries,
          crystal_vault_2, iron_vault_4, final_vault]

Skill      XL: |  1  2 |
---------------+-------+-----
Spellcasting   | 3 |  3.4
Necromancy     | 5 |  5.0
Dodging        | |  1.5
Stealth        | |  3.0

Action                   || total
-------------------------++-------
Melee: Falchion          ||     2
 Cast: Pain              ||     6
       Animate Skeleton  ||     1
 Abil: Spit Poison       ||     3
  Use: Potion            ||     1
Dodge: Dodged            ||     8
       Rpst.: Falchion   ||     3

Table legend: (Time is in decaauts)
 A = Elapsed time spent in this place.
 B = Non-inter-level travel time spent in this place.
 C = Inter-level travel time spent in this place.
 D = Time resting spent in this place.
 E = Time spent auto-exploring this place.
 F = Levels seen in this place.
 G = Mean time per level.
                   A        B        C        D        E       F      G
               +--------+--------+--------+--------+--------+-----+--------+
         Total |    430 |    430 |      0 |    285 |      0 |   1 |  430.0 |
       Dungeon |    430 |    430 |      0 |    285 |      0 |   1 |  430.0 |
               +--------+--------+--------+--------+--------+-----+--------+

Top non-repeatable levels by time:
       D: 430 daAuts
